 Dungeon Crawl Stone Soup version 0.24.0-1-gfbc8707 (webtiles) character file.

Game seed: 12728905118613545542, levelgen mode: deterministic

261 Buxparty the Covert (level 5, -7/25 HPs)
             Began as a Spriggan Assassin on Jan 1, 2020.
             Shot with an arrow by a centaur (9 damage)
             ... on level 5 of the Dungeon.
             The game lasted 00:12:32 (3256 turns).

Buxparty the Covert (Spriggan Assassin)             Turns: 3256, Time: 00:12:33

Health: -7/25      AC:  3    Str:  8    XL:     5   Next: 96%
Magic:  6/6        EV: 21    Int: 12    God:
Gold:   183        SH:  0    Dex: 18    Spells: 4/4 levels left

rFire    . . .     SeeInvis +   a - +2 dagger
rCold    . . .     Gourm    .   (shield restricted)
rNeg     . . .     Faith    .   b - +0 robe
rPois    .         Spirit   .   (helmet restricted)
rElec    .         Reflect  .   c - +0 cloak
rCorr    .         Harm     .   (gloves unavailable)
MR       +....                  (boots unavailable)
Stlth    ++++......             (no amulet)
HPRegen  0.08/turn              h - ring of protection from magic
MPRegen  0.10/turn              (no ring)

@: very quick
A: very small, unfitting armour, see invisible, herbivore, speed 3, slow
metabolism 2
a: no special abilities


You were on level 5 of the Dungeon.
You were full.

You visited 1 branch of the dungeon, and saw 5 of its levels.

You collected 183 gold pieces.

Inventory:

Hand Weapons
 a - a +2 dagger (weapon)
 l - a +0 whip of venom
Missiles
 d - 13 poisoned darts (quivered)
 e - 2 curare-tipped darts
Armour
 b - a +0 robe (worn)
 c - a +0 cloak (worn)
 t - a cursed +0 cloak
Jewellery
 h - a ring of protection from magic (left hand)
 p - a cursed ring of attention {unknown}
Scrolls
 g - a scroll of remove curse {unknown}
 i - 9 scrolls of identify {unknown}
 j - 4 scrolls of teleportation {unknown}
 k - 4 scrolls of magic mapping {unknown}
 o - a scroll of enchant armour {unknown}
 s - a scroll of enchant weapon {unknown}
 v - a scroll of blinking {unknown}
Potions
 m - a potion of flight {unknown}
 n - a potion of haste {unknown}
 q - a potion of might {unknown}
 r - a potion of magic {unknown}
 u - a potion of brilliance {unknown}
 w - a potion of curing
Comestibles
 f - 7 rations


   Skills:
 - Level 1.5 Fighting
 + Level 4.3 Short Blades
 - Level 2.0 Throwing
 + Level 5.0 Dodging
 + Level 8.0 Stealth


You had 4 spell levels left.
You didn't know any spells.
Your spell library was empty.

Dungeon Overview and Level Annotations

Branches:
Dungeon (5/15)
 Temple: D:4-7

Altars:
Hepliaklqana
Okawaru
Wu Jian

Shops:
D:4 *

Annotations:
D:3 2 runed translucent doors, 7bone's ghost, amateur HOFi
D:4 2 transporters, yuri's ghost, amateur OgTm


Innate Abilities, Weirdness & Mutations

You are very small and have problems with some larger weapons.
You are too small for most types of armour.
You have supernaturally acute eyesight. (SInv)
You are a herbivore.
You cover ground extremely quickly.
You need to consume almost no food.


Message History

The orc priest invokes the aid of Beogh against you.
You easily resist.
Throwing (i - inventory. (/) - cycle)
d - 14 poisoned darts (quivered)
Press: ? - help, Shift-Dir - straight line, f - orc priest
Aim: an orc priest, wielding a +0 club You throw a poisoned dart.
The poisoned dart closely misses the orc priest.
The orc wizard mumbles some strange words.
The orc wizard seems to speed up.
The centaur shoots an arrow.
The arrow hits you!
* * * LOW HITPOINT WARNING * * *
Found a quarterstaff.
The centaur shoots an arrow.
The arrow closely misses you.
Found a stone staircase leading down.
You see here an arrow.
The orc wizard points at you and mumbles some strange words.
The magic dart hits you.
* * * LOW HITPOINT WARNING * * *
The centaur shoots an arrow.
The arrow hits you!
You die...

#. .... . ...( # ### #.
..o. #. ..# #.##.##(.##
#. #.# ##...(.....# #..
#.####...c..<....
####..##.##.....#(##.#.#
....>.)!....o..... ...
#...@....c).o# .#..
##.##(##.##o.# .#.. #
#.##..(<.### .. .
#.............#
#######..###### #.....
#..### #..# #...


You could see a centaur, an orc priest and an orc wizard.

Vanquished Creatures
  An orc priest (D:4)
  Terence (D:2)
  3 worker ants (D:4)
  4 adders
  An ooze (D:1)
  A worm (D:3)
  2 dart slugs
  4 leopard geckos
  11 orcs
  7 bats
  2 giant cockroaches
  8 goblins
  8 hobgoblins
  3 jackals (D:3)
  3 ball pythons
  3 frilled lizards (D:3)
  5 kobolds
  9 rats
76 creatures vanquished.

Notes
Turn   | Place    | Note
-------+----------+-------------------------------------------
     0 | D:1      | Buxparty the Spriggan Assassin began the quest for the Orb.
     0 | D:1      | Reached XP level 1. HP: 10/10 MP: 2/2
   174 | D:1      | Reached skill level 6 in Stealth
   236 | D:1      | Reached XP level 2. HP: 13/14 MP: 3/3
   707 | D:1      | Reached XP level 3. HP: 18/18 MP: 4/4
  1293 | D:2      | Noticed Terence
  1296 | D:2      | Killed Terence
  1452 | D:3      | Reached XP level 4. HP: 22/22 MP: 5/5
  1577 | D:3      | Reached skill level 7 in Stealth
  1855 | D:3      | Found a runed translucent door.
  1861 | D:3      | Noticed 7bone's ghost (amateur HOFi)
  1880 | D:3      | Found a runed translucent door.
  1977 | D:3      | Found an iron altar of Okawaru.
  1977 | D:3      | Found an ornate altar of the Wu Jian Council.
  2053 | D:3      | Found a hazy altar of Hepliaklqana.
  2308 | D:4      | Found a transporter.
  2371 | D:4      | Reached XP level 5. HP: 25/25 MP: 6/6
  2591 | D:4      | Found a transporter.
  2592 | D:4      | Found Naplo's General Store.
  2592 | D:4      | Noticed yuri's ghost (amateur OgTm)
  2592 | D:4      | Identified the +6 dire flail "Woneokh" {crush, rPois}
  2592 | D:4      | Noticed an ogre
  2594 | D:4      | Noticed an ogre
  2913 | D:4      | Reached skill level 5 in Dodging
  2959 | D:4      | Reached skill level 8 in Stealth
  3200 | D:5      | Entered Level 5 of the Dungeon
  3200 | D:5      | Noticed a centaur
  3203 | D:5      | Noticed a phantom
  3256 | D:5      | Shot with an arrow by a centaur

Levels and vault maps discovered:
D:1:      ebering_hopf_link, layout_rooms
D:2:      layout_loops_ring, uniq_terence
D:3:      layout_basic, overflow_temple_1_default,
          gammafunk_temple_overflow_pools, ebering_ghost_sewer_f
D:4:      layout_basic, serial_shops, nicolae_shop_trees, gammafunk_ghost_smash
D:5:      layout_loops_ring, chequers_temple_overflow_minitemple,
          makhleb_grotto_becter, first_ration

Skill      XL: |  1  2  3  4  5 |
---------------+----------------+-----
Stealth        | 6 7 8 |  8.0
Dodging        | 2 3 4 5 |  5.0
Short Blades   | 3 4 |  4.3
Fighting       | |  1.5
Throwing       | |  2.0

Action                   |  1- 3 |  4- 6 || total
-------------------------+-------+-------++-------
Melee: Dagger            |   111 |   100 ||   211
Throw: Dart              |       |    41 ||    41
 Stab: Sleeping          |    11 |    11 ||    22
       Distracted        |     1 |     1 ||     2
  Eat: Ration            |     1 |     2 ||     3
Armor: Robe              |    17 |     9 ||    26
Dodge: Dodged            |    88 |    70 ||   158
